 Dungeon Crawl Stone Soup version 0.30.0-29-ga12c61a403 (webtiles) character file.

Game seed: 16901321844697573836

389 ChadusMaximus the Shield-Bearer (level 7, -5/55 HPs)
             Began as a Formicid Fighter on June 19, 2023.
             Slain by a gnoll bouda
             ... wielding a +0 club
              (7 damage)
             ... on level 6 of the Dungeon.
             The game lasted 00:04:10 (4368 turns).

ChadusMaximus the Shield-Bearer (Formicid Fighter)  Turns: 4368, Time: 00:04:11

Health: -5/55      AC:  5    Str: 31    XL:     7   Next: 7%
Magic:  7/7        EV: 11    Int:  7    God:
Gold:   253        SH:  5    Dex: 13    Spells: 6/6 levels left

rFire   . . .        F - +0 demon blade
rCold   x . .        c - +0 buckler
rNeg    + . .        t - +1 leather armour of Immorality {rC- rN+ Str+8}
rPois   .            (helmet unavailable)
rElec   .            (no cloak)
rCorr   .            (no gloves)
SInv    +            l - +0 pair of boots
Will    .....        k - amulet of the acrobat
Stlth   +            (no ring)
HPRegen 0.29/turn    (no ring)
MPRegen 0.10/turn

%: acrobat
@: weakened
A: permanent stasis, dig shafts and tunnels, antennae 3, four strong arms
a: Dig, Shaft Self


You were on level 6 of the Dungeon.
You visited 1 branch of the dungeon, and saw 6 of its levels.
You also visited: Sewer.

You collected 253 gold pieces.

Inventory:

Hand Weapons
 a - a +0 war axe
 F - a +0 demon blade (weapon)
Armour
 b - a +0 scale mail
 c - a +0 buckler (worn)
 l - a +0 pair of boots (worn)
 t - the +1 leather armour of Immorality (worn) {rC- rN+ Str+8}
   (You took it off a hobgoblin on level 2 of the Dungeon)

   Str:       It affects your strength (+8).
   rC:        It makes you vulnerable to cold.
   rN:        It protects you from negative energy.
Jewellery
 k - an amulet of the acrobat (around neck)
Wands
 y - a wand of roots (13)
 E - a wand of flame (22)
 H - a wand of charming (9)
 I - a wand of mindburst (13)
Scrolls
 f - 2 scrolls of fear {unknown}
 h - 2 scrolls of acquirement {unknown}
 j - a scroll of poison {unknown}
 m - 2 scrolls of enchant weapon {unknown}
 n - 3 scrolls of blinking {unknown}
 r - 3 scrolls of identify {unknown}
 s - 2 scrolls of fog {unknown}
 u - 2 scrolls of immolation {unknown}
 v - 2 scrolls of teleportation {unknown}
 x - a scroll of summoning {unknown}
 B - a scroll of noise {unknown}
 G - a scroll of amnesia {unknown}
 J - a scroll of magic mapping {unknown}
Potions
 d - a potion of might
 e - 3 potions of resistance {unknown}
 g - 4 potions of curing {unknown}
 i - a potion of cancellation {unknown}
 o - 2 potions of haste {unknown}
 p - 2 potions of lignification {unknown}
 q - 2 potions of magic {unknown}
 w - a potion of heal wounds {unknown}
 z - a potion of invisibility {unknown}
 A - 2 potions of brilliance {unknown}
 C - 2 potions of mutation {unknown}
 D - 3 potions of flight {unknown}


   Skills:
 + Level 4.9 Fighting
 + Level 3.8 Axes
 + Level 4.9 Armour
 + Level 5.9 Shields


You had 6 spell levels left.
You didn't know any spells.
Your spell library contained the following spells:

 Spells                   Type           Power      Damage    Failure   Level
 Apportation              Tloc           0%         N/A       52%         1
 Necrotise                Necr           0%         1d4       52%         1
 Summon Small Mammal      Summ           0%         N/A       52%         1


Dungeon Overview and Level Annotations

Branches:
Dungeon (6/15)              Sewer (visited)
 Temple: D:4-7

Altars:
Ashenzari

Shops:
D:1 ?   D:3 !(   D:4 **::


Innate Abilities, Weirdness & Mutations

You cannot be hasted, slowed, berserked, paralysed or teleported.
You can dig through walls and to a lower floor.
You have a pair of large antennae on your head. (SInv)
Your four strong arms can wield two-handed weapons with a shield.


Message History

The centaur kicks you but does no damage.
You closely miss the centaur.
The centaur hits you but does no damage.
The centaur kicks you. The gnoll bouda barely misses you.
You block the centaur's attack.
The centaur kicks you but does no damage.
The gnoll bouda hits you with a +0 club!
Unknown command.
You slash the centaur!
The centaur is heavily wounded.
The centaur hits you but does no damage.
You block the centaur's attack.
The gnoll bouda gazes fiercely through you!
You feel your attacks grow feeble. The gnoll bouda misses you.
You block the centaur's attack. The centaur closely misses you.
Unknown command.
You completely miss the centaur.
The centaur is heavily wounded.
The centaur hits you but does no damage.
The centaur kicks you but does no damage.
The gnoll bouda barely misses you. The centaur hits you.
* * * LOW HITPOINT WARNING * * *
The centaur barely misses you.
You hit the centaur.
The centaur is heavily wounded.
An adder comes into view.
The centaur barely misses you. You block the centaur's attack.
The gnoll bouda hits you with a +0 club!
* * * LOW HITPOINT WARNING * * *
The centaur hits you but does no damage.
The centaur kicks you.
* * * LOW HITPOINT WARNING * * *
You block the gnoll bouda's attack.
You closely miss the centaur.
The centaur is heavily wounded.
The adder hisses angrily.
The centaur closely misses you. The centaur barely misses you.
The gnoll bouda hits you with a +0 club!
You die...

#########
.>......#
........#
......g.#
....$.c@#
........#
........#
.........
.........
..S..#####
.....
.....


You could see a centaur, a gnoll bouda and an adder.

Vanquished Creatures
  A kobold brigand (Sewer)
  A jelly (D:4)
  An iguana (D:4)
  A gnoll (D:5)
  10 adders
  2 river rats (Sewer)
  A white imp (D:5)
  3 worms
  A dart slug (D:1)
  7 orcs
  4 bats
  12 endoplasms
  13 giant cockroaches
  9 goblins
  9 hobgoblins
  5 jackals
  12 kobolds
  3 quokkas
  8 ball pythons
  2 frilled lizards
  11 rats
116 creatures vanquished.

Notes
Turn   | Place    | Note
-------+----------+-------------------------------------------
     0 | D:1      | ChadusMaximus the Formicid Fighter began the quest for the
                  | Orb.
     0 | D:1      | Reached XP level 1. HP: 18/18 MP: 1/1
    26 | D:1      | Reached XP level 2. HP: 21/24 MP: 2/2
   388 | D:1      | Found a faded altar of an unknown god.
   465 | D:1      | Reached XP level 3. HP: 29/29 MP: 3/3
   535 | D:1      | Found Qovaufidgh's Magic Scroll Boutique.
   902 | D:2      | Identified the +1 leather armour of Immorality {rC- rN+
                  | Str+8}
   929 | D:2      | Reached XP level 4. HP: 9/37 MP: 4/4
  1579 | D:3      | Reached XP level 5. HP: 34/42 MP: 5/5
  1601 | D:3      | Found Plog's Antique Weapon Shoppe.
  1610 | D:3      | Reached skill level 5 in Shields
  1694 | D:3      | Found a glowing drain.
  1721 | Sewer    | Entered a sewer
  1902 | Sewer    | Noticed a kobold brigand
  1911 | Sewer    | Killed a kobold brigand
  1912 | Sewer    | Reached XP level 6. HP: 49/49 MP: 6/6
  2408 | D:3      | Found Bulergh's Distillery.
  2829 | D:3      | Found a broken altar of Ashenzari.
  3392 | D:4      | Found Hotaj's Assorted Antiques.
  3393 | D:4      | Found Zehoas's Assorted Antiques.
  3393 | D:4      | Found Rurueme's Book Emporium.
  3393 | D:4      | Found Enazamu's Book Emporium.
  3706 | D:4      | Reached XP level 7. HP: 44/55 MP: 7/7
  3864 | D:5      | Entered Level 5 of the Dungeon
  4367 | D:6      | HP: 2/55 [centaur (1)]
  4368 | D:6      | Slain by a gnoll bouda

Illustrated notes

Levels and vault maps discovered:
D:1:      minmay_arrival_open_corners, layout_rooms,
          shapermc_ecumenical_altar_totnotflames, serial_shops,
          nicolae_shop_rolled_up
D:2:      layout_basic, minmay_misc_feat_diagonals, wad_orctagon
D:3:      minmay_roachtagon, layout_basic, mainiacjoe_overflow_brackets,
          portal_sewer_entry_c, serial_shops, shop,
          nicolae_shop_tiny_real_fake_doors
D:4:      layout_cave_pools, kennysheep_minor_cross, minmay_misc_feat_ornament,
          minmay_shop_grid_forest, dk_noncrumbling_3, st_stairs_10,
          chequers_serial_rivers_micro_b
D:5:      layout_loops_cross, amcnicky_altar_gilded, uniq_prince_ribbit1,
          uniq_eustachio
D:6:      minmay_angry_zag, layout_rooms, minmay_temple_entry_waves,
          chequers_serial_rivers_micro_b

Skill      XL: |  1  2  3  4  5 |
---------------+----------------+-----
Fighting       | 4 |  4.9
Armour         | 4 |  4.9
Shields        | 5 |  5.9
Axes           | 3 |  3.8

Action                     |  1- 3 |  4- 6 |  7- 9 || total
---------------------------+-------+-------+-------++-------
  Melee: War axe           |    63 |   228 |       ||   291
         Demon blade       |       |    15 |    25 ||    40
   Stab: Sleeping          |       |     3 |       ||     3
 Armour: Scale mail        |    21 |       |       ||    21
         Leather armour    |       |    61 |     8 ||    69
  Dodge: Dodged            |    26 |   127 |    27 ||   180
  Block: Buckler           |    17 |    65 |    16 ||    98
